 Dungeon Crawl Stone Soup version 0.25-a0-565-g8875c97ebb (webtiles) character file.

Game seed: 9682777613891855154, levelgen mode: deterministic

277 Flugslaktarn the Chopper (level 6, -11/56 HPs)
             Began as a Deep Dwarf Fighter on Feb 26, 2020.
             Mangled by an ogre
             ... wielding a +0 giant spiked club
              (13 damage)
             ... on level 4 of the Dungeon.
             The game lasted 00:00:46 (406 turns).

Flugslaktarn the Chopper (Deep Dwarf Fighter)        Turns: 406, Time: 00:00:47

Health: -11/56     AC:  9    Str: 28    XL:     6   Next: 4%
Magic:  3/3        EV:  6    Int:  8    God:
Gold:   22         SH: 10    Dex: 12    Spells: 5/5 levels left

rFire    . . .     SeeInvis .   a - +0 war axe
rCold    + . .     Gourm    .   m - +0 kite shield
rNeg     . . .     Faith    .   l - +0 chain mail
rPois    .         Spirit   .   (no helmet)
rElec    .         Reflect  .   (no cloak)
rCorr    .         Harm     .   (no gloves)
MR       .....                  (no boots)
Stlth    ..........             (no amulet)
HPRegen  0.00/turn              h - +6 ring of strength
MPRegen  0.08/turn              c - ring of protection from cold

@: non-regenerating
A: damage resistance, heal wounds, sense surroundings 1, no regeneration
a: Heal Wounds


You were on level 4 of the Dungeon.
You were not hungry.

You visited 1 branch of the dungeon, and saw 4 of its levels.

You collected 22 gold pieces.

Inventory:

Hand Weapons
 a - a +0 war axe (weapon)
Armour
 b - the +0 mask of the Dragon {MR+ Slay+3 SInv}
   (You found it on level 4 of the Dungeon)

   It affects your accuracy and damage with ranged weapons and melee attacks
   (+3).
   It affects your resistance to hostile enchantments.
   It lets you see invisible.
   If you switch to wearing this armour, your AC will remain unchanged.
 l - a +0 chain mail (worn)
   (You took it off an orc warrior on level 4 of the Dungeon)
 m - a +0 kite shield (worn)
Jewellery
 c - a ring of protection from cold (right hand)
   (You found it on level 4 of the Dungeon)
 h - a +6 ring of strength (left hand)
   (You found it on level 2 of the Dungeon)
Scrolls
 f - a scroll of teleportation {unknown}
 j - 2 scrolls of magic mapping {unknown}
Potions
 d - a potion of might
 i - a potion of brilliance {unknown}
 k - 2 potions of degeneration {unknown}
 n - a potion of flight {unknown}
Comestibles
 e - 4 rations
 g - 6 chunks of flesh


   Skills:
 + Level 3.6 Fighting
 * Level 4.7 Axes
 + Level 4.4 Armour
 + Level 4.4 Shields


You had 5 spell levels left.
You didn't know any spells.
Your spell library was empty.

Dungeon Overview and Level Annotations

Branches:
Dungeon (4/15)
 Temple: D:4-7

Altars:

Annotations:
D:4 Menkaure


Innate Abilities, Weirdness & Mutations

You are resistant to damage.
You can heal yourself by infusing magical energy.
You passively map a small area around you.
You do not regenerate.


Message History

You are too injured to fight recklessly!
You feel much better. The orc hits you but does no damage.
The ogre barely misses you.
Menkaure gestures at you while chanting.
You resist with significant effort. You block Menkaure's attack.
You slash the ogre!
The ogre is severely wounded.
You hit the orc. You hit Menkaure.
Menkaure calls on the powers of darkness!
The orc convulses!
Your body is wracked with pain!
The ogre convulses!
The orc barely misses you.
The ogre hits you with a +0 giant spiked club!!
* * * LOW HITPOINT WARNING * * *
The orc hits you but does no damage. You block Menkaure's attack.
Menkaure points at you and mumbles some strange words.
You resist with significant effort.
You fail to use your ability.
You block the orc's attack.
The ogre hits you with a +0 giant spiked club!
You die...

, , ##.,, * ,,'.
#.., *. #..
######## * ,
..##..###...#..####
*
...................
,
.........M)........
,
.........o.........
, ,
.........O@........
,
*.###.###.##'#####+
*# ###+##.#### ,
#...'.....# , , ,
#...#.....#, , ,..#
...#>..#######,
...# ,....#...#* ,
...#, ...#...#, , ,
..#*#####.###..# ,


You could see an ogre, Menkaure and an orc.

Vanquished Creatures
  An orc warrior (D:4)
  An ogre (D:2)
  An orc priest (D:4)
  An iguana (D:4)
  2 adders (D:2)
  A worm (D:2)
  A dart slug (D:1)
  A leopard gecko (D:2)
  An orc (D:4)
  A bat (D:1)
  A giant cockroach (D:2)
  3 goblins
  2 hobgoblins (D:2)
  3 kobolds
  A frilled lizard (D:1)
  3 rats (D:2)
  4 toadstools (D:1)
28 creatures vanquished.

Notes
Turn   | Place    | Note
-------+----------+-------------------------------------------
     0 | D:1      | Flugslaktarn the Deep Dwarf Fighter began the quest for the
                  | Orb.
     0 | D:1      | Reached XP level 1. HP: 20/20 MP: 1/1
    99 | D:2      | Reached XP level 2. HP: 25/27 MP: 2/2
   122 | D:2      | Reached XP level 3. HP: 24/33 MP: 3/3
   225 | D:2      | Noticed an ogre
   235 | D:2      | Killed an ogre
   235 | D:2      | Reached XP level 4. HP: 22/42 MP: 3/3
   317 | D:4      | Reached XP level 5. HP: 32/49 MP: 4/4
   317 | D:4      | Noticed an orc warrior
   336 | D:4      | Killed an orc warrior
   336 | D:4      | Reached XP level 6. HP: 30/56 MP: 3/3
   384 | D:4      | Found the +0 mask of the Dragon {MR+ Slay+3 SInv}
   392 | D:4      | Noticed Menkaure
   404 | D:4      | HP: 2/56 [ogre/+0 giant spiked club (17)]
   406 | D:4      | Mangled by an ogre

Levels and vault maps discovered:
D:1:      ldierk_water_garden, layout_basic
D:2:      layout_rooms
D:3:      layout_loops_cross, first_ration
D:4:      layout_gridville, lemuel_round_altar,
          minmay_temple_entry_proselytizer, tgw_trog, uniq_duvessa,
          uniq_menkaure

Skill      XL: |  1  2  3  4 |
---------------+-------------+-----
Axes           | 3 4 |  4.7
Fighting       | 3 |  3.6
Armour         | 4 |  4.4
Shields        | 4 |  4.4

Action                   |  1- 3 |  4- 6 || total
-------------------------+-------+-------++-------
Melee: War axe           |    62 |    43 ||   105
 Abil: Heal Wounds       |     2 |    10 ||    12
Armor: Scale mail        |    24 |     4 ||    28
       Chain mail        |       |     2 ||     2
Dodge: Dodged            |    23 |    13 ||    36
Block: Kite shield       |    36 |    24 ||    60

Table legend:
 A = Non-vault XP
 B = Vault XP
 C = Vault XP percentage of total XP
 D = Non-vault monster count
 E = Vault monster count
 F = Vault count percentage of total count
                 A         B        C        D         E       F
            +---------+---------+-------+---------+---------+-------
      Total |     397 |       0 |   0.0 |      24 |       0 |   0.0
            +---------+---------+-------+---------+---------+-------
        D:1 |      11 |       0 |   0.0 |       5 |       0 |   0.0
        D:2 |     170 |       0 |   0.0 |      14 |       0 |   0.0
        D:3 |       2 |       0 |   0.0 |       1 |       0 |   0.0
        D:4 |     214 |       0 |   0.0 |       4 |       0 |   0.0
            +---------+---------+-------+---------+---------+-------
